 Dungeon Crawl Stone Soup version 0.23-a0-171-g5ae17c6 (webtiles) character file.

130 HAL9000 the Skirmisher (level 4, -3/37 HPs)
             Began as a Demonspawn Chaos Knight on Sept 13, 2018.
             Slain by a hobgoblin
             ... wielding a +0 club
             ... led by Robin
              (4 damage)
             ... on level 2 of the Dungeon.
             The game lasted 00:01:53 (1464 turns).

HAL9000 the Skirmisher (Demonspawn Chaos Knight)    Turns: 1464, Time: 00:01:54

Health: -3/37      AC:  5    Str: 14    XL:     4   Next: 89%
Magic:  4/4        EV: 12    Int: 13    God:    Xom [*.....]
Gold:   81         SH:  0    Dex: 12    Spells: 3/3 levels left

rFire    . . .     SeeInvis .   a - +0 falchion (chaos)
rCold    . . .     Gourm    .   (no shield)
rNeg     . . .     Faith    .   b - +2 leather armour
rPois    .         Spirit   .   (no helmet)
rElec    .         Reflect  .   (no cloak)
rCorr    .         Harm     .   (no gloves)
MR       .....                  (no boots)
Stlth    +.........             (no amulet)
HPRegen  0.12/turn              (no ring)
MPRegen  0.09/turn              (no ring)

@: no status effects
A: claws 2, powered by death 1
a: Renounce Religion


You were on level 2 of the Dungeon.
You worshipped Xom.
You were a special plaything of Xom.
You were not hungry.

You visited 1 branch of the dungeon, and saw 2 of its levels.

You collected 81 gold pieces.

Inventory:

Hand Weapons
 a - a +0 falchion of chaos (weapon)
Armour
 b - a +2 leather armour (worn)
Wands
 m - a wand of acid (7)
Scrolls
 f - 2 scrolls of remove curse {unknown}
 g - 2 scrolls of blinking {unknown}
 h - 2 scrolls of enchant armour {unknown}
 j - a scroll of immolation {unknown}
Potions
 d - a potion of heal wounds {unknown}
 e - a potion of brilliance {unknown}
 i - 2 potions of magic {unknown}
 l - 2 potions of resistance {unknown}
Comestibles
 c - 2 rations
 k - a chunk of flesh


   Skills:
 + Level 3.8 Fighting
 + Level 3.4 Long Blades
 + Level 2.7 Armour
 + Level 2.2 Dodging


You had 3 spell levels left.
You didn't know any spells.
Your spell library was empty.

Dungeon Overview and Level Annotations

Branches:
Dungeon (2/15)

Altars:


Innate Abilities, Weirdness & Mutations

You have very sharp fingernails.
You regenerate a little health from kills.


Message History

* * * LOW HITPOINT WARNING * * *
Robin hits you but does no damage.
You hit Robin.
Robin seems to slow down.
Robin is severely wounded.
The hobgoblin hits you with a club.
* * * LOW HITPOINT WARNING * * *
The goblin hits you with a dagger.
* * * LOW HITPOINT WARNING * * *
You hit Robin but do no damage.
Robin looks as sick as possible!
Robin is almost dead.
Robin is no longer moving slowly.
The hobgoblin hits you but does no damage.
Robin misses you.
You riposte.
You hit Robin.
You kill Robin!
The goblin hits you but does no damage. The goblin hits you with a dagger.
* * * LOW HITPOINT WARNING * * *
There is an open door here.
You closely miss the hobgoblin. The hobgoblin hits you with a club.
You die...

########(...♣.♣ #######......♣
#..........♣♣♣ #......g...♣
#.......##♣♣ +......g# ##.##
#.......# ...<..
#......g################.....#
#.......##.#..@..............
#.......##'####g.......#.....
#######......g.g.........# #
#.......)..........###.#.
#######............###.........
#....................#.........
#........###########+#.........
#........# #...............
#.(......# #...............


You could see a hobgoblin and a goblin.

Vanquished Creatures
  Robin (D:2)
  7 gnolls
  An adder (D:2)
  2 dart slugs (D:1)
  2 giant cockroaches (D:1)
  10 goblins
  4 hobgoblins
  8 bats (D:1)
  A frilled lizard (D:1)
  6 rats (D:1)
42 creatures vanquished.

Notes
Turn   | Place    | Note
-------+----------+-------------------------------------------
     0 | D:1      | HAL9000 the Demonspawn Chaos Knight began the quest for the
                  | Orb.
     0 | D:1      | Reached XP level 1. HP: 18/18 MP: 1/1
    38 | D:1      | Reached skill level 1 in Dodging
   106 | D:1      | Gained mutation: You have sharp fingernails. [demonic
                  | ancestry]
   106 | D:1      | Reached XP level 2. HP: 15/24 MP: 2/2
   439 | D:1      | XOM: harmless Tloc miscast
   667 | D:1      | Gained mutation: You have very sharp fingernails. [demonic
                  | ancestry]
   667 | D:1      | Reached XP level 3. HP: 29/29 MP: 3/3
   824 | D:1      | XOM: harmless Conj miscast
   953 | D:2      | XOM: harmless Chrm miscast
   959 | D:2      | XOM: butterfly on damage
   961 | D:2      | Gained mutation: You regenerate a little health from kills.
                  | [demonic ancestry]
   961 | D:2      | Reached XP level 4. HP: 21/35 MP: 4/4
  1047 | D:2      | XOM: harmless Erth miscast
  1055 | D:2      | XOM: harmless Pois miscast
  1072 | D:2      | XOM: silly message
  1427 | D:2      | Noticed Robin
  1461 | D:2      | Killed Robin
  1462 | D:2      | HP: 1/37 [goblin/dagger[Robin] (3)]
  1464 | D:2      | Slain by a hobgoblin

Vault maps used:
D:1:      saegor_arrival_simple_d
D:2:      lemuel_blue_sif_altar, uniq_robin, uniq_crazy_yiuf_cottage

Skill      XL: |  1  2  3  4 |
---------------+-------------+-----
Dodging        | 1 2 |  2.2
Armour         | 2 |  2.7
Long Blades    | 3 |  3.4
Fighting       | |  3.8

Action                   |  1- 3 |  4- 6 || total
-------------------------+-------+-------++-------
Melee: Falchion          |    90 |    38 ||   128
  Eat: Chunk             |       |     2 ||     2
Armor: Leather armour    |    54 |    11 ||    65
Dodge: Dodged            |    81 |    24 ||   105
       Rpst.: Falchion   |    22 |     7 ||    29

Table legend:
 A = Non-vault XP
 B = Vault XP
 C = Vault XP percentage of total XP
 D = Non-vault monster count
 E = Vault monster count
 F = Vault count percentage of total count
                 A         B        C        D         E       F
            +---------+---------+-------+---------+---------+-------
      Total |     159 |      27 |  14.5 |      35 |       7 |  16.7
            +---------+---------+-------+---------+---------+-------
        D:1 |      69 |       0 |   0.0 |      27 |       0 |   0.0
        D:2 |      90 |      27 |  23.1 |       8 |       7 |  46.7
            +---------+---------+-------+---------+---------+-------
